 Dungeon Crawl Stone Soup version 0.27-a0-1186-g8b4daa1eef (webtiles) character file.

Game seed: 9784456006437485077

299772 leviel the Warrior (level 20, -12/259 HPs)
             Began as a Minotaur Fighter on May 19, 2021.
             Was the Champion of Makhleb.
             Mangled by a merfolk impaler
             ... wielding a +6 trident of protection
              (18 damage)
             ... on level 4 of the Shoals.
             The game lasted 02:04:16 (40001 turns).

leviel the Warrior (Minotaur Fighter)              Turns: 40001, Time: 02:04:17

Health: -12/259    AC: 35    Str: 33    XL:     20   Next: 49%
Magic:  32/32      EV:  8    Int:  5    God:    Makhleb [******]
Gold:   1153       SH: 15    Dex: 17    Spells: 19/19 levels left

rFire    + . .     SeeInvis .   s - +6 trident of Kiylenlu {pain, rElec rPois rN+ Str-3}
rCold    . . .     Faith    .   c - +0 kite shield
rNeg     + + .     Spirit   .   M - +9 plate armour {rN+}
rPois    +         Reflect  .   N - +2 hat {Will+}
rElec    +         Harm     .   a - +2 cloak
rCorr    +         Rampage  .   x - +0 pair of gloves
Will     ++...                  y - +0 pair of boots of Gallantry {rC+ rCorr Str+5}
Stlth    ..........             r - amulet of regeneration
HPRegen  0.00/turn              L - +4 ring of slaying
MPRegen  0.23/turn              g - ring "Ileuk" {Fire Drain Str+4 Dex+4 Slay+3, =r}

@: berserking, unable to read, slow
A: horns 2, retaliatory headbutt, hooves 1, deterioration 1, frail 1, inhibited
regeneration, inability to read while threatened, MP-powered wands
}: 1/15 runes: gossamer
a: Renounce Religion, Minor Destruction, Lesser Servant of Makhleb, Major
Destruction, Greater Servant of Makhleb


You were on level 4 of the Shoals.
You worshipped Makhleb.
Makhleb was exalted by your worship.
You visited 8 branches of the dungeon, and saw 41 of its levels.

You collected 5367 gold pieces.
You spent 4214 gold pieces at shops.

Inventory:

Hand Weapons
 l - a +3 demon trident of venom
 s - the +6 trident of Kiylenlu (weapon) {pain, rElec rPois rN+ Str-3}
   (You found it on level 7 of the Dungeon)

   In the hands of one skilled in necromantic magic, it inflicts extra damage on
   living creatures.
   It affects your strength (-3).
   It insulates you from electricity.
   It protects you from poison.
   It protects you from negative energy.
 E - a +6 vampiric spear
 V - a +6 antimagic trident
Missiles
 h - 156 poisoned darts
 o - 12 silver javelins
 p - 8 boomerangs of dispersal
 T - 13 javelins
 U - 9 curare-tipped darts
 W - 9 throwing nets
Armour
 a - a +2 cloak (worn)
 c - a +0 kite shield (worn)
 x - a +0 pair of gloves (worn)
 y - the +0 pair of boots of Gallantry (worn) {rC+ rCorr Str+5}
   (You found it on level 2 of the Spider Nest)

   It affects your strength (+5).
   It protects you from cold.
   It protects you from acid and corrosion.
 M - a +9 plate armour of positive energy (worn)
 N - a +2 hat of willpower (worn)
Jewellery
 g - the ring "Ileuk" (right hand) {Fire Drain Str+4 Dex+4 Slay+3, =r}
   (You found it on level 6 of the Dungeon)

   [ring of fire]

   It enhances your fire magic.
   It affects your strength (+4).
   It affects your dexterity (+4).
   It affects your accuracy and damage with ranged weapons and melee attacks
   (+3).
   It protects you from fire.
   It makes you vulnerable to cold.
   It drains your maximum health when unequipped.
 r - an amulet of regeneration (around neck)
 C - a ring of protection from fire
 L - a +4 ring of slaying (left hand)
Wands
 b - a wand of flame (29)
 d - a wand of acid (16)
 j - a wand of iceblast (43)
 m - a wand of digging (4)
 v - a wand of polymorph (13)
 O - a wand of paralysis (6)
 S - a wand of charming (23)
 Z - a wand of mindburst (30)
Scrolls
 f - 2 scrolls of immolation
 i - 2 scrolls of fear
 k - 22 scrolls of identify {@r1}
 w - 8 scrolls of teleportation
 z - 2 scrolls of brand weapon
 Q - 2 scrolls of fog
Potions
 e - a potion of ambrosia
 n - 7 potions of curing
 q - 5 potions of lignification
 t - 4 potions of flight
 B - a potion of cancellation
 D - a potion of might
 F - 2 potions of haste
 H - a potion of resistance
 I - a potion of invisibility
 K - a potion of berserk rage
Miscellaneous
 u - a phial of floods
 A - a box of beasts
 G - a condenser vane
 J - a lightning rod (4/4)


   Skills:
 + Level 20.3 Fighting
 - Level 10.9(13.2) Axes
 - Level 12.5(14.0) Polearms
 - Level 6.0 Throwing
 - Level 15.4 Armour
 - Level 15.0 Shields
 * Level 19.7 Invocations
 + Level 11.9 Evocations


You had 19 spell levels left.
You didn't know any spells.
Your spell library contained the following spells:

 Spells                   Type           Power      Damage    Failure   Level
 Animate Skeleton         Necr           0%         N/A       94%         1
 Apportation              Tloc           0%         N/A       94%         1
 Corona                   Hex            0%         N/A       94%         1
 Magic Dart               Conj           0%         1d3       94%         1
 Sandblast                Erth           0%         2d4       94%         1
 Summon Small Mammal      Summ           0%         N/A       94%         1
 Blink                    Tloc           N/A        N/A       98%         2
 Call Imp                 Summ           0%         N/A       98%         2
 Passwall                 Tmut/Erth      0%         N/A       98%         2
 Slow                     Hex            0%         N/A       98%         2
 Static Discharge         Conj/Air       0%         N/A       98%         2
 Confusing Touch          Hex            0%         N/A       100%        3
 Conjure Flame            Conj/Fire      0%         6-21      100%        3
 Gell's Gravitas          Tloc           0%         N/A       100%        3
 Lesser Beckoning         Tloc           0%         N/A       100%        3
 Mephitic Cloud           Conj/Pois/Air  0%         N/A       100%        3
 Stone Arrow              Conj/Erth      0%         3d7       100%        3
 Tukima's Dance           Hex            0%         N/A       100%        3
 Animate Armour           Summ/Erth      0%         N/A       100%        4
 Leda's Liquefaction      Hex/Erth       0%         N/A       100%        4
 Petrify                  Tmut/Erth      0%         N/A       100%        4
 Alistair's Intoxication  Tmut/Pois      0%         N/A       100%        5
 Bolt of Magma            Conj/Fire/Erth 0%         4d4       100%        5
 Irradiate                Conj/Tmut      0%         3d13      100%        5
 Lee's Rapid Deconstruct  Erth           0%         3d5*      100%        5
 Lightning Bolt           Conj/Air       0%         1d11      100%        5
 Metabolic Englaciation   Hex/Ice        0%         N/A       100%        5
 Yara's Violent Unravell  Hex/Tmut       0%         3d3       100%        5
 Blade Hands              Tmut           0%         N/A       100%        6
 Invisibility             Hex            0%         N/A       100%        6
 Iron Shot                Conj/Erth      0%         9d1       100%        6
 Statue Form              Tmut/Erth      0%         N/A       100%        6
 Dragon Form              Tmut           0%         N/A       100%        7
 Ignition                 Fire           0%         3d3       100%        8
 Shatter                  Erth           0%         3d5*      100%        9
 Tornado                  Air            0%         N/A       100%        9


Dungeon Overview and Level Annotations

Branches:
Dungeon (15/15)            Temple (1/1) D:7            Lair (6/6) D:10
 Shoals (4/4) Lair:3       Spider (4/4) Lair:2        Slime (5/5) Lair:5
    Orc (2/2) D:10            Elf (0/3) Orc:2        Vaults (4/5) D:14
  Crypt (0/3) Vaults:2
 Depths: D:15

Altars:
Ashenzari
Cheibriados
Dithmenos
Elyvilon
Fedhas
Gozag
Hepliaklqana
Kikubaaqudgha
Makhleb
Nemelex Xobeh
Okawaru
Qazlal
Ru
Sif Muna
Trog
Uskayaw
Vehumet
Wu Jian
Xom
Yredelemnul
Zin
The Shining One
Beogh
Jiyva
Lugonu

Shops:
D:4 ?[(**   D:5 ?   D:6 [   D:12 *   Orc:2 *=([   Shoals:3 *   Shoals:4 !

Portals:
Abyss: Lair:2

Annotations:
D:10 1 runed translucent door, Whiskey's ghost, journeyman DjTm
D:13 2 transporters, robertstho's ghost, journeyman MiBe
Lair:2 2 transporters, robertstho's ghost, journeyman MiBe
Shoals:3 3 runed translucent doors, exclusion: obsidian statue, 5858lvr's ghost, adept MiFi
Slime:5 Royal Jelly


Innate Abilities, Weirdness & Mutations

You have a pair of horns on your head.
You reflexively headbutt those who attack you in melee.
You have large cloven feet.
Your body sometimes deteriorates upon taking damage.
You are frail. (-10% HP)
You do not regenerate when monsters are visible.
You sometimes lose the ability to read scrolls when taking damage.
You expend magic power (3 MP) to strengthen your wands.


Message History

The merfolk impaler hits you with a +0 battleaxe!
* * * LOW HITPOINT WARNING * * *
You impale the merfolk impaler!!
Your headbutt misses the merfolk impaler.
The merfolk impaler is severely wounded.
The merfolk impaler hits you but does no damage.
You block the merfolk impaler's attack.
You closely miss the merfolk impaler.
The merfolk impaler is severely wounded.
Splash!
You fall into the shallow water.
Moving in this stuff is going to be slow.
The merfolk impaler hits you but does no damage.
Your unstable footing causes you to fumble your attack.
You block the merfolk impaler's attack. You block the merfolk impaler's attack.
The merfolk impaler hits you with a +0 battleaxe!
* * * LOW HITPOINT WARNING * * *
A merfolk siren comes into view. It is wielding a +0 spear.
You impale the merfolk impaler!!
You kill the merfolk impaler!
Makhleb accepts your kill.
You feel better.
You hear a splash. x2
The merfolk impaler hits you but does no damage.
Unknown command.
You enter the shallow water.
Moving in this stuff is going to be slow.
The merfolk impaler barely misses you. The water nymph touches you.
The water nymph drowns you!
* * * LOW HITPOINT WARNING * * *
The merfolk impaler closely misses you.
Things that are here:
a +0 battleaxe; a +0 robe Your unstable footing causes you to fumble your attack.
The water nymph points at you and mumbles some strange words.
The water swirls and strikes you!!
* * * LOW HITPOINT WARNING * * *
The merfolk impaler hits you with a +6 trident of protection!!
You die...

...≈≈≈≈≈...[.#..)().P...
....≈≈≈≈≈.......)([##....
,
....)≈≈≈≈≈...≈...÷<)÷^..∩
≈,
.≈≈≈≈≈≈≈≈...≈...÷........
..m≈≈≈≈≈≈.≈≈≈....÷....)..
..........[≈...(..)......
.......≈≈≈≈≈.†.......†...
......≈≈≈≈...(..≈≈≈≈≈≈...
......≈m@≈.....≈≈≈≈≈≈≈≈≈.
.)....≈≈≈m.(.≈≈≈≈≈≈≈≈≈≈≈.
.............≈≈≈≈≈≈≈≈≈≈≈.
........(....≈≈≈≈≈≈≈≈≈≈≈≈
, P............≈≈≈≈≈≈≈≈≈≈
#≈≈..........≈≈≈≈≈≈≈≈≈ ,
.≈≈≈≈≈......≈≈≈≈≈≈≈≈≈
#≈≈≈≈≈≈≈≈≈≈≈≈≈≈≈
.≈≈≈≈≈≈≈≈##..P≈


You could see a merfolk impaler (corroded), a merfolk siren and a water nymph.

Vanquished Creatures
  Arachne (Spider:3)
  Jorgrun (Spider:2)
  7 acid blobs
  Gastronok (Lair:3)
  3 sphinxes
  Polyphemus (Shoals:2)
  Agnes (Spider:3)
  An ancient champion (Vaults:2)
  A tengu reaver (Vaults:3)
  Kirke (Shoals:2)
  3 azure jellies
  5 rockslimes
  4 ghost moths
  7 vault wardens
  2 orc warlords
  Louise (Shoals:1)
  3 emperor scorpions (Spider:4)
  The ghost of Gucockimm the Severer, a journeyman HOWz of Beogh (Spider:3)
  14 ironbound preservers
  3 quicksilver oozes
  12 very ugly things
  A stone giant (Vaults:2)
  A vampire knight (Vaults:2)
  8 dire elephants
  Nessos (D:13)
  An entropy weaver (shapeshifter) (D:14)
  2 spark wasps (Spider:4)
  5 entropy weavers
  Azrael (Spider:2)
  2 crystal guardians (Vaults:4)
  An eidolon (Vaults:2)
  8 merfolk impalers
  3 merfolk javelineers
  A fire dragon (Lair:6)
  7 great orbs of eyes
  5 yaktaur captains
  11 vault guards
  5 boulder beetles
  7 hydras
  A peacekeeper (Vaults:4)
  An ogre mage (D:14)
  A catoblepas (Shoals:2)
  2 alligator snapping turtles (Shoals:4)
  2 satyrs
  4 ironbound frosthearts
  4 ironbound thunderhulks
  2 merfolk avatars
  13 centaur warriors
  3 death yaks (Shoals:2)
  6 two-headed ogres
  A tengu warrior (D:14)
  A deep troll shaman (Vaults:4)
  4 orc high priests (Orc:2)
  A deep troll earth mage (Vaults:4)
  6 ironbound beastmasters
  Sonja (Lair:6)
  8 sea snakes
  39 deep trolls
  An orange crystal statue (D:13)
  6 ironbound convokers
  The ghost of Grognak the Cudgeller, a novice HOFi of Beogh (D:6)
  8 lindwurms
  A deep elf archer (D:14)
  7 orc knights
  2 deep elf pyromancers
  A necromancer (Vaults:4)
  6 wizards
  14 harpies
  3 shining eyes
  15 orb spiders
  13 cyclopes
  19 wolf spiders
  3 orc sorcerers
  23 ugly things
  13 manticores
  9 fauns
  3 moths of wrath
  Maurice (D:8)
  9 elephants
  A centaur zombie (D:10)
  A water nymph (Shoals:1)
  15 vault sentinels
  3 torpor snails
  4 black mambas
  2 molten gargoyles (Lair:6)
  8 merfolk sirens
  10 cane toads
  2 unseen horrors
  6 rime drakes
  Psyche (D:11)
  28 yaktaurs
  20 komodo dragons
  15 demonic crawlers
  A kobold demonologist (D:12)
  A human skeleton (Vaults:4)
  A yaktaur skeleton (Vaults:4)
  6 trolls
  A meliai (shapeshifter) (D:13)
  24 merfolk
  5 hornets (Spider:4)
  A polar bear (shapeshifter) (D:14)
  A polar bear (Lair:6)
  20 jumping spiders
  2 wind drakes
  8 dream sheep
  10 snapping turtles
  78 slime creatures
  10 blink frogs
  A flying skull (Vaults:2)
  50 redbacks
  A shadow (D:9)
  2 wyverns
  2 wraiths
  2 vampires
  Eustachio (D:5)
  3 fire elementals (Spider:3)
  A hog (Shoals:2)
  34 yaks
  15 tarantellas
  5 basilisks
  2 water elementals (Shoals:3)
  3 humans
  2 golden eyes (Slime:3)
  2 steam dragons (Lair:6)
  2 wargs (D:10)
  A swamp worm (D:8)
  An acid dragon (D:14)
  8 vampire mosquitoes
  14 water moccasins
  An ogre skeleton (Vaults:4)
  4 hell hounds
  5 ice beasts
  28 orc warriors
  A sky beast (D:7)
  2 necrophages
  An elf simulacrum (Vaults:4)
  A boggart (D:14)
  3 wolves (Lair:2)
  7 ogres
  16 centaurs
  5 kobold brigands
  A human zombie (Vaults:4)
  16 bullfrogs
  A gnoll sergeant (Orc:2)
  2 scorpions
  A wyvern zombie (D:7)
  2 water moccasin skeletons
  6 killer bees (D:9)
  3 wights (D:9)
  2 electric eels (Spider:4)
  8 howler monkeys
  5 lava snakes (Lair:6)
  23 orc priests
  A gnoll shaman (D:9)
  A hound (D:5)
  8 jellies
  A bullfrog skeleton (D:6)
  2 centaur skeletons
  4 iguanas
  24 orc wizards
  A howler monkey zombie (D:9)
  5 adders
  8 gnolls
  4 shadow imps
  16 white imps
  An adder skeleton (D:4)
  5 worms
  A dart slug (D:2)
  74 orcs
  8 ball pythons
  6 endoplasms
  4 giant cockroaches
  4 goblins
  5 hobgoblins
  20 jackals
  2 quokkas
  5 bats
  4 frilled lizards
  22 kobolds
  3 rats
  A spectral kobold (D:6)
  A plant (Shoals:4)
1223 creatures vanquished.

Vanquished Creatures (collateral kills)
  An acid blob (Slime:1)
  An ironbound preserver (Vaults:4)
  An entropy weaver (Vaults:4)
  An ironbound thunderhulk (Vaults:3)
  A great orb of eyes (Slime:1)
  An ironbound frostheart (Vaults:4)
  An ironbound beastmaster (Vaults:4)
  4 deep trolls (Vaults:4)
  A wizard (Vaults:4)
  A lindwurm (Vaults:4)
  2 vault sentinels
  A yaktaur (Vaults:4)
  A slime creature (Slime:1)
  A redback (Vaults:4)
  A boggart (Vaults:1)
19 creatures vanquished.

Vanquished Creatures (others)
  A wolf spider (Spider:3)
  4 humans (Shoals:2)
  A boggart (Vaults:1)
  6 fungi
  171 plants
183 creatures vanquished.

Grand Total: 1425 creatures vanquished

Notes
Turn   | Place    | Note
-------+----------+-------------------------------------------
     0 | D:1      | leviel the Minotaur Fighter began the quest for the Orb.
     0 | D:1      | Reached XP level 1. HP: 19/19 MP: 0/0
   333 | D:1      | Reached XP level 2. HP: 21/27 MP: 1/1
   558 | D:1      | Found a faded altar of an unknown god.
  1240 | D:2      | Reached skill level 4 in Fighting
  1240 | D:2      | Reached XP level 3. HP: 33/33 MP: 2/2
  1783 | D:2      | Reached XP level 4. HP: 40/40 MP: 3/3
  2721 | D:3      | Noticed a water moccasin
  2729 | D:3      | Killed a water moccasin
  2730 | D:3      | Reached XP level 5. HP: 18/47 MP: 4/4
  3108 | D:4      | Found Nagor's Magic Scroll Boutique.
  3193 | D:4      | Found a hide-covered altar of Uskayaw.
  3203 | D:4      | Reached skill level 5 in Axes
  3203 | D:4      | Reached XP level 6. HP: 37/55 MP: 5/5
  3354 | D:4      | Reached skill level 5 in Shields
  3354 | D:4      | Found Ijeuss's Assorted Antiques.
  3365 | D:4      | Found Sotywk's Armour Shoppe.
  3423 | D:4      | Found Suwemu's Assorted Antiques.
  3624 | D:4      | Found Qaomoige's Weapon Boutique.
  3661 | D:4      | Reached skill level 5 in Armour
  3889 | D:5      | Entered Level 5 of the Dungeon
  3916 | D:5      | Reached skill level 5 in Fighting
  4070 | D:5      | Found a sparkling altar of Nemelex Xobeh.
  4085 | D:5      | Reached XP level 7. HP: 28/61 MP: 6/6
  4105 | D:5      | Noticed Eustachio
  4181 | D:5      | Killed Eustachio
  4693 | D:5      | Found Obec's Magic Scroll Boutique.
  4945 | D:6      | Found an opulent altar of Gozag.
  4996 | D:6      | Reached skill level 6 in Fighting
  5110 | D:6      | Noticed a manticore
  5125 | D:6      | Reached XP level 8. HP: 43/70 MP: 7/7
  5126 | D:6      | Killed a manticore
  5508 | D:6      | Found a shimmering altar of Xom.
  5575 | D:6      | Noticed Grognak's ghost (novice HOFi)
  5604 | D:6      | Found a runed translucent gate.
  5604 | D:6      | Found a runed translucent gate.
  5604 | D:6      | Found a runed translucent gate.
  5771 | D:6      | Reached skill level 7 in Fighting
  5782 | D:6      | Reached XP level 9. HP: 30/79 MP: 8/8
  6116 | D:6      | Found a hazy altar of Hepliaklqana.
  6335 | D:6      | Found Decaluor's Antique Armour Shoppe.
  6503 | D:6      | Killed Grognak's ghost
  6509 | D:6      | Reached skill level 10 in Axes
  6831 | D:6      | Identified the ring "Ileuk" {Fire Drain Str+4 Dex+4 Slay+3}
  6898 | D:7      | Found a basalt altar of Yredelemnul.
  6910 | D:7      | Reached skill level 8 in Fighting
  7053 | D:7      | Identified the +4 rapier of Seb Evye {protect, rPois Int+3}
  7054 | D:7      | Found a sacrificial altar of Ru.
  7170 | D:7      | Identified the +6 trident of Kiylenlu {pain, rElec rPois
                  | rN+ Str-3}
  7340 | D:7      | Found a staircase to the Ecumenical Temple.
  7356 | Temple   | Entered the Ecumenical Temple
  7393 | Temple   | Became a worshipper of Makhleb the Destroyer
  7512 | D:7      | Found a glowing golden altar of the Shining One.
  7514 | D:7      | Found a stormy altar of Qazlal.
  7674 | D:8      | Reached XP level 10. HP: 80/90 MP: 9/9
  7744 | D:8      | Found a glowing silver altar of Zin.
  7817 | D:8      | Noticed Maurice
  7837 | D:8      | Killed Maurice
  7953 | D:8      | You fall into a shaft and drop 2 floors!
  7953 | D:10     | Entered Level 10 of the Dungeon
  8095 | D:10     | Reached skill level 9 in Fighting
  8114 | D:10     | Found a runed translucent door.
  8118 | D:10     | Noticed Whiskey's ghost (journeyman DjTm)
  8184 | D:9      | Reached * piety under Makhleb
  8291 | D:9      | Found an iron altar of Okawaru.
  8311 | D:9      | Reached skill level 5 in Polearms
  8960 | D:9      | Noticed a two-headed ogre
  8994 | D:9      | Killed a two-headed ogre
  9146 | D:9      | Found an ornate altar of the Wu Jian Council.
  9166 | D:9      | Noticed a centaur warrior
  9177 | D:9      | Killed a centaur warrior
  9178 | D:9      | Reached XP level 11. HP: 41/99 MP: 10/10
  9260 | D:9      | Reached skill level 10 in Armour
  9260 | D:9      | Reached skill level 10 in Shields
  9263 | D:9      | Reached skill level 10 in Fighting
  9288 | D:9      | Reached ** piety under Makhleb
  9341 | D:10     | Found a staircase to the Orcish Mines.
  9360 | D:10     | Found a staircase to the Lair.
  9605 | D:10     | Found a snail-covered altar of Cheibriados.
 10193 | D:11     | Noticed a sea snake
 10212 | D:11     | Noticed a two-headed ogre
 10215 | D:11     | Noticed Psyche
 10226 | D:11     | Killed a two-headed ogre
 10227 | D:11     | Reached skill level 1 in Invocations
 10363 | D:11     | Killed Psyche
 10422 | D:11     | Found a shadowy altar of Dithmenos.
 10443 | D:11     | Noticed a boulder beetle
 10472 | D:11     | Killed a boulder beetle
 10767 | D:11     | Reached *** piety under Makhleb
 10894 | D:11     | Noticed a sea snake
 11173 | Lair:1   | Entered Level 1 of the Lair of Beasts
 11327 | Lair:1   | Found a frozen archway.
 11437 | Lair:1   | Noticed a seven-headed hydra
 11443 | Lair:1   | Killed a seven-headed hydra
 11444 | Lair:1   | Reached skill level 10 in Polearms
 11444 | Lair:1   | Reached XP level 12. HP: 98/108 MP: 13/13
 11448 | Lair:1   | Reached skill level 11 in Fighting
 11555 | Lair:1   | Noticed a six-headed hydra
 11577 | Lair:1   | Killed a six-headed hydra
 12160 | Lair:2   | Noticed an eight-headed hydra
 12168 | Lair:2   | Killed an eight-headed hydra
 12222 | Lair:2   | Reached **** piety under Makhleb
 12711 | D:4      | Bought a scroll of acquirement for 572 gold pieces
 12713 | D:4      | Acquired 973 gold pieces
 12775 | D:5      | Bought a scroll of acquirement for 624 gold pieces
 12777 | D:5      | Acquired 336 gold pieces
 12824 | D:6      | Bought a glowing plate armour for 624 gold pieces
 12844 | D:6      | Bought a pair of gloves for 108 gold pieces
 12844 | D:6      | Bought a pair of boots for 108 gold pieces
 13148 | Lair:2   | Noticed a cacodemon
 13150 | Lair:2   | Found a one-way gate to the infinite horrors of the Abyss.
 13150 | Lair:2   | Noticed robertstho's ghost (journeyman MiBe)
 13444 | Lair:2   | Found a hole to the Spider Nest.
 13457 | Lair:2   | Found a transporter.
 13467 | Lair:2   | Found a transporter.
 13817 | Lair:3   | Noticed Gastronok
 13849 | Lair:3   | Killed Gastronok
 13876 | Lair:3   | Found a staircase to the Shoals.
 13984 | Lair:3   | Noticed an eight-headed hydra
 13992 | Lair:3   | Killed an eight-headed hydra
 14086 | Lair:3   | Reached skill level 5 in Invocations
 14172 | Lair:3   | Reached XP level 13. HP: 117/117 MP: 15/15
 14232 | Lair:3   | Reached skill level 12 in Fighting
 14547 | Lair:4   | Identified the ring of Seunala {rF+ rCorr Dex+3}
 15158 | Lair:5   | Found a staircase to the Slime Pits.
 15253 | Lair:5   | Identified the +9 dagger of Dulovoy {drain, SInv}
 16110 | Lair:6   | Entered Level 6 of the Lair of Beasts
 16214 | Lair:6   | Reached ***** piety under Makhleb
 16712 | Lair:6   | Noticed Sonja
 16727 | Lair:6   | Killed Sonja
 16760 | Lair:6   | Reached skill level 1 in Throwing
 16764 | Lair:6   | Reached skill level 13 in Fighting
 16923 | Lair:6   | Reached XP level 14. HP: 129/129 MP: 18/18
 16942 | Lair:6   | Found a large runed translucent door.
 16942 | Lair:6   | Found a large runed translucent door.
 17032 | Lair:6   | Identified the +6 battleaxe "Ginkuch" {vorpal, rF+}
 17717 | Orc:1    | Entered Level 1 of the Orcish Mines
 18106 | Orc:2    | Entered Level 2 of the Orcish Mines
 18209 | Orc:2    | Found a staircase to the Elven Halls.
 18257 | Orc:2    | Found a radiant altar of Vehumet.
 18513 | Orc:2    | Reached ****** piety under Makhleb
 18569 | Orc:2    | Found Sufihesur's Jewellery Emporium.
 18569 | Orc:2    | Found Bizyuck's Armour Shoppe.
 18604 | Orc:2    | Found Untaurots's Weapon Shoppe.
 18616 | Orc:2    | Found Iluych's Assorted Antiques.
 18624 | Orc:2    | Bought a crude plate armour for 728 gold pieces
 18624 | Orc:2    | Identified the +7 plate armour of Cugef {rPois rC+ Str-4
                  | Int+4} (You bought it in a shop on level 2 of the Orcish
                  | Mines)
 19217 | Spider:1 | Entered Level 1 of the Spider Nest
 20110 | Spider:2 | Identified the +0 helmet "Lanegg" {+Blink rF++ rC- Regen+
                  | Int+3}
 20203 | Spider:2 | Reached skill level 14 in Fighting
 20203 | Spider:2 | Reached skill level 5 in Throwing
 20417 | Spider:2 | Found a transporter.
 20418 | Spider:2 | Found a transporter.
 21018 | Spider:2 | Got the +0 pair of boots of Gallantry {rC+ rCorr Str+5}
 21050 | Spider:3 | Noticed Jorgrun
 21054 | Spider:3 | Noticed Agnes
 21078 | Spider:2 | Killed Jorgrun
 21079 | Spider:2 | Reached XP level 15. HP: 64/138 MP: 20/20
 21147 | Spider:3 | Killed Agnes
 21233 | Spider:3 | Noticed Azrael
 21432 | Spider:2 | Killed a ghost moth
 21727 | Spider:2 | Killed Azrael
 21989 | Spider:3 | Noticed Arachne
 22013 | Spider:3 | Killed Arachne
 22240 | Spider:3 | Reached skill level 10 in Invocations
 22255 | Spider:3 | Reached skill level 15 in Armour
 22495 | Spider:3 | Found a runed translucent gate.
 22495 | Spider:3 | Found a runed translucent gate.
 22498 | Spider:3 | Found a runed translucent gate.
 22500 | Spider:3 | Noticed Gucockimm's ghost (journeyman HOWz)
 22520 | Spider:3 | Killed Gucockimm's ghost
 22581 | Spider:4 | Entered Level 4 of the Spider Nest
 22649 | Shoals:1 | Entered Level 1 of the Shoals
 22869 | D:12     | Reached skill level 15 in Shields
 22882 | D:12     | Reached skill level 15 in Fighting
 23110 | D:12     | Found Sediant's Island Escapes.
 23299 | D:12     | Bought a scroll of blinking for 97 gold pieces
 23299 | D:12     | Bought a scroll of blinking for 97 gold pieces
 23425 | D:13     | Noticed robertstho's ghost (journeyman MiBe)
 23487 | D:13     | Found a transporter.
 23649 | D:13     | Noticed Nessos
 23675 | D:13     | Killed Nessos
 24153 | D:13     | Found a transporter.
 24861 | D:14     | Reached skill level 1 in Evocations
 24898 | D:14     | Reached XP level 16. HP: 145/149 MP: 23/23
 24970 | D:14     | Found a gate to the Vaults.
 25442 | D:15     | Entered Level 15 of the Dungeon
 25634 | Slime:1  | Entered Level 1 of the Pits of Slime
 25647 | Slime:1  | Noticed an acid blob
 25657 | Slime:1  | Killed an acid blob
 25730 | Slime:2  | Noticed an acid blob
 25978 | Slime:1  | Killed an acid blob
 26017 | Slime:3  | Gained mutation: Your magical capacity is low. (-10% MP) [a
                  | shining eye]
 26206 | Slime:4  | Gained mutation: Potions are less effective at restoring
                  | your health. [a shining eye]
 26211 | Slime:4  | Lost mutation: Potions are less effective at restoring your
                  | health. [potion of mutation]
 26211 | Slime:4  | Lost mutation: Your magical capacity is low. (-10% MP)
                  | [potion of mutation]
 26211 | Slime:4  | Gained mutation: You expend magic power (3 MP) to
                  | strengthen your wands. [potion of mutation]
 26211 | Slime:4  | Gained mutation: You are clumsy. (Dex -2) [potion of
                  | mutation]
 26211 | Slime:4  | Gained mutation: You are partially covered in iridescent
                  | scales. (AC +2) [potion of mutation]
 26215 | Slime:5  | Entered Level 5 of the Pits of Slime
 26236 | Slime:5  | Noticed an acid blob
 26242 | Slime:5  | Killed an acid blob
 26243 | Slime:5  | Reached skill level 16 in Fighting
 26328 | Slime:5  | Noticed an acid blob
 26339 | Slime:5  | Killed an acid blob
 26567 | Slime:5  | Noticed an acid blob
 26573 | Slime:5  | Killed an acid blob
 26585 | Slime:5  | Gained mutation: Armour fits poorly on your strangely
                  | shaped body. [a shining eye]
 26623 | Slime:4  | Reached skill level 5 in Evocations
 26802 | Slime:4  | Lost mutation: Armour fits poorly on your strangely shaped
                  | body. [potion of mutation]
 26802 | Slime:4  | Gained mutation: You are partially covered in large bone
                  | plates. (SH +4) [potion of mutation]
 26802 | Slime:4  | Lost mutation: You are partially covered in iridescent
                  | scales. (AC +2) [potion of mutation]
 26802 | Slime:4  | Gained mutation: You passively map a small area around you.
                  | [potion of mutation]
 26820 | Slime:5  | Gained mutation: You occasionally shout uncontrollably at
                  | your foes. [a shining eye]
 26827 | Slime:5  | Gained mutation: Your body sometimes deteriorates upon
                  | taking damage. [a shining eye]
 26829 | Slime:5  | Lost mutation: You occasionally shout uncontrollably at
                  | your foes. [potion of mutation]
 26829 | Slime:5  | Lost mutation: You are clumsy. (Dex -2) [potion of
                  | mutation]
 26829 | Slime:5  | Gained mutation: Your magical capacity is low. (-10% MP)
                  | [potion of mutation]
 26829 | Slime:5  | Gained mutation: Your mind is acute. (Int +2) [potion of
                  | mutation]
 26829 | Slime:5  | Gained mutation: You are agile. (Dex +2) [potion of
                  | mutation]
 26919 | Slime:5  | Noticed an acid blob
 26926 | Slime:5  | Killed an acid blob
 26940 | Slime:5  | Noticed an acid blob
 26946 | Slime:5  | Noticed an acid blob
 26950 | Slime:5  | Killed an acid blob
 26957 | Slime:5  | Killed an acid blob
 26958 | Slime:5  | Reached XP level 17. HP: 131/160 MP: 23/23
 27008 | Slime:5  | Found a viscous altar of Jiyva.
 27008 | Slime:5  | Noticed an acid blob
 27028 | Slime:5  | Noticed the Royal Jelly
 27579 | Spider:4 | Reached skill level 17 in Fighting
 28299 | Spider:4 | Got a gossamer rune of Zot
 28968 | Shoals:1 | Noticed Louise
 28990 | Shoals:1 | Killed Louise
 28991 | Shoals:1 | Reached skill level 15 in Invocations
 29312 | Shoals:2 | Noticed Kirke
 29323 | Shoals:2 | Killed Kirke
 29469 | Shoals:2 | Noticed Polyphemus
 30059 | Shoals:3 | Found a runed translucent gate.
 30059 | Shoals:3 | Found a runed translucent gate.
 30059 | Shoals:3 | Found a runed translucent gate.
 30061 | Shoals:3 | Found an opulent altar of Gozag.
 30063 | Shoals:3 | Noticed 5858lvr's ghost (adept MiFi)
 30064 | Shoals:3 | Found Releg's Assorted Antiques.
 30130 | Shoals:2 | Killed Polyphemus
 30177 | Shoals:2 | You fall into a shaft and drop 1 floor!
 30280 | Shoals:2 | Reached XP level 18. HP: 171/171 MP: 25/25
 31109 | Shoals:4 | Entered Level 4 of the Shoals
 31382 | D:4      | Bought 2 scrolls of teleportation for 66 gold pieces
 31382 | D:4      | Bought a scroll of enchant armour for 82 gold pieces
 31382 | D:4      | Bought a scroll of summoning for 104 gold pieces
 31382 | D:4      | Bought a scroll of teleportation for 33 gold pieces
 31382 | D:4      | Bought a scroll of enchant armour for 82 gold pieces
 31382 | D:4      | Bought a scroll of magic mapping for 38 gold pieces
 31382 | D:4      | Bought a scroll of fear for 38 gold pieces
 31382 | D:4      | Bought 2 scrolls of fear for 77 gold pieces
 31604 | Vaults:1 | Entered Level 1 of the Vaults
 31622 | Vaults:1 | Reached skill level 18 in Fighting
 32315 | Vaults:1 | Lost mutation: Your magical capacity is low. (-10% MP)
                  | [potion of mutation]
 32315 | Vaults:1 | Lost mutation: Your mind is acute. (Int +2) [potion of
                  | mutation]
 32315 | Vaults:1 | Lost mutation: You are partially covered in large bone
                  | plates. (SH +4) [potion of mutation]
 33792 | Vaults:2 | Reached XP level 19. HP: 180/181 MP: 30/30
 34157 | Vaults:2 | Reached skill level 10 in Evocations
 34205 | Vaults:2 | Found a staircase to the Crypt.
 34263 | Vaults:2 | Reached skill level 19 in Fighting
 36664 | Vaults:4 | Gained mutation: You are dopey. (Int -2) [mutagenic glow]
 36690 | Vaults:4 | Gained mutation: Your body often deteriorates upon taking
                  | damage. [mutagenic glow]
 36705 | Vaults:4 | Gained mutation: You are frail. (-10% HP) [mutagenic glow]
 36748 | Vaults:4 | Gained mutation: You sometimes lose the ability to read
                  | scrolls when taking damage. [mutagenic glow]
 36834 | Vaults:4 | Lost mutation: You are dopey. (Int -2) [potion of mutation]
 36834 | Vaults:4 | Lost mutation: You are agile. (Dex +2) [potion of mutation]
 36834 | Vaults:4 | Gained mutation: You do not regenerate when monsters are
                  | visible. [potion of mutation]
 37824 | Vaults:3 | Reached XP level 20. HP: 130/173 MP: 32/32
 38231 | Vaults:4 | Reached skill level 20 in Fighting
 39405 | Shoals:4 | Found Wubbaggo's Distillery.
 39905 | Shoals:4 | Bought a potion of mutation for 128 gold pieces
 39905 | Shoals:4 | Bought 2 potions of haste for 320 gold pieces
 39905 | Shoals:4 | Bought a potion of resistance for 160 gold pieces
 39905 | Shoals:4 | Bought a potion of invisibility for 128 gold pieces
 39905 | Shoals:4 | Lost mutation: You passively map a small area around you.
                  | [potion of mutation]
 39905 | Shoals:4 | Lost mutation: Your body often deteriorates upon taking
                  | damage. [potion of mutation]
 39905 | Shoals:4 | Gained mutation: You have large cloven feet. [potion of
                  | mutation]
 39923 | Shoals:4 | Identified the +0 pair of boots of Inevitability {rF+
                  | rCorr}
 40001 | Shoals:4 | HP: 6/259 [water nymph/the raging water (35)]
 40001 | Shoals:4 | Mangled by a merfolk impaler

Illustrated notes

Levels and vault maps discovered:
D:1:      amcnicky_arrival_wind_blow, layout_loops_cross,
          ebering_ecumenical_altar_abandoned
D:2:      layout_basic
D:3:      layout_basic
D:4:      layout_cave_pools, nicolae_uskayaw_murder_on_the_dancefloor,
          serial_shops, kennysheep_mini_moat, kennysheep_little_box,
          nicolae_shop_statue_plus, shop, nicolae_shop_overgrown_old_shop,
          minmay_fractal_squares_gapless_5
D:5:      layout_rooms, nemelex_xobeh_ov_fountains_minmay, serial_shops,
          nicolae_shop_crystal, uniq_eustachio
D:6:      layout_loops_ring, grunt_gozag_statues, general_overflow_altar,
          nicolae_hepliaklqana_monster_ancestors, serial_shops, shop_coins,
          gammafunk_ghost_icy, grunt_ministairs_3
D:7:      layout_basic, amcnicky_altar_gilded, lemuel_round_altar,
          gammafunk_temple_overflow_statue, minmay_temple_entry_antechambers
D:8:      layout_rooms, lemuel_doored_altar, worms_lemuel, uniq_maurice
D:9:      layout_long_grid, okawaru_humans, nzn_wu_jian_contemplation,
          centaur_isle
D:10:     layout_long_grid, slow_altar_2, erik_lair_orcish_takeover,
          orc_0_dummy, ebering_ghost_reflecting_pool
D:11:     layout_roguey [special_room_orc], serial_aquarium,
          aquarium_bridge_square [aquarium_subvault_balcony,
          aquarium_subvault_wall, aquarium_subvault_window,
          aquarium_subvault_bridge], aquarium_window_corner,
          aquarium_window_corridor_1, aquarium_window_1, aquarium_window_fake,
          aquarium_view_2e, aquarium_view_2b, aquarium_pool_1,
          grunt_dithmenos_smoke_and_mirrors, uniq_psyche
D:12:     layout_big_octagon, nicolae_island_escapes
D:13:     layout_layer_cave, gammafunk_ghost_mausoleum, minivault_16,
          st_stairs_5, uniq_nessos
D:14:     layout_small_grid, grunt_vaults_entry_fortified, skrybe_limestone_x
D:15:     hangedman_depths_entry_civil_slaughter, layout_cave_pools,
          serial_bayou, serial_bayou_shore_b, serial_bayou_lagoon_b,
          serial_bayou_shore_a, serial_bayou_crossing
Temple:   corrupted_temple
Lair:1:   layout_cave_pods, portal_ice_cave_entry_imps,
          chequers_serial_rivers_small_b
Lair:2:   layout_layer_cave, dummy_spider_entry, gammafunk_ghost_abyssal_escape
Lair:3:   layout_misc_corridors, minmay_shoals_entry_centaurs, st_stairs_10,
          minmay_hedge_maze, beast_lair_carwin_1, grunt_megastairs_2,
          lemuel_fruit_tree, uniq_gastronok
Lair:4:   layout_gridlike, chequers_serial_rivers_small_a, lemuel_fruit_fields
Lair:5:   layout_layer_cave, nicolae_slime_entry_slimehenge
Lair:6:   cheibrodos_lair_end_hotspot, layout_cave_pods, uniq_sonja
Shoals:1: layout_shoals, uniq_louise
Shoals:2: layout_shoals, nicolae_shoals_square_sea_wall, uniq_kirke,
          uniq_polyphemus
Shoals:3: layout_shoals, ebering_ghost_gozag
Shoals:4: shoals_end_grunt_garden, layout_shoals, serial_shops, shop
Spider:1: layout_spider_delve
Spider:2: gammafunk_boulding_lane, drop_trap
Spider:3: nicolae_spider_mines_2, ebering_ghost_rock_garden,
          nicolae_spider_not_touching_you, uniq_agnes, uniq_arachne,
          uniq_azrael, uniq_jorgrun
Spider:4: spider_rune_water, nicolae_spider_eight_legs
Slime:1:  layout_caves, nicolae_slime_barrier
Slime:2:  layout_caves, basic_altar, uniq_dissolution
Slime:3:  layout_caves, nicolae_slime_phagocytosis
Slime:4:  layout_caves
Slime:5
Orc:1:    layout_diamond_mine
Orc:2:    st_orc_mages, layout_caves, basic_altar
Vaults:1: vaults_dpeg_spiral, ontoclasm_vaults_chip, hangedman_vaults_stream,
          hangedman_vaults_impose, vaults_room_fancy_cross,
          nicolae_vaults_mini_display_case, v_rooms_6, ontoclasm_vaults_gateway,
          vaults_mumra_minichess_inversion, hangedman_vaults_pinch,
          vaults_room_pools, layout_vaults_omnibox
Vaults:2: v_pattern_1, ontoclasm_vaults_claustrophobia,
          minmay_crypt_entry_simple_walls, nicolae_vaults_network_quinsquares
          [nicolae_vaults_network_quincunx_subvault,
          nicolae_vaults_network_quincunx_subvault,
          nicolae_vaults_network_quincunx_subvault,
          nicolae_vaults_network_quincunx_subvault], ontoclasm_vaults_chip,
          v_alt_pattern_6, layout_vaults_chaotic_city
Vaults:3: nicolae_vaults_hallways_thing, v_alt_pattern_6,
          nicolae_vaults_ring_of_whatevers, v_alt_pattern_3, v_misc_31,
          nicolae_vaults_yaktaur_gun_rack, vaults_room_boxed,
          layout_vaults_quadrants
Vaults:4: v_misc_14, nicolae_vaults_theta, v_rooms_1, v_misc_29,
          nicolae_vaults_little_squares_5, v_alt_pattern_2,
          grunt_vaults_hallway_short, v_misc_24, v_rooms_4,
          nicolae_vaults_little_squares_1, layout_vaults_omnicross

Skill      XL: |  1  2  3  4  5  6  7  8  9 10 11 12 13 14 15 16 17 18 19 20 |
---------------+-------------------------------------------------------------+-----
Axes           | 3 4 5 6 7 9 10 | 10.9
Fighting       | 4 5 6 7 8 9 10 11 13 14 15 16 17 18 19 20 | 20.3
Armour         | 4 5 6 7 8 9 11 12 13 14 15 | 15.4
Shields        | 4 5 6 7 8 9 11 13 14 15 | 15.0
Polearms       | 7 10 12 | 12.5
Invocations    | 3 5 7 9 11 13 15 17 19 | 19.7
Throwing       | 2 5 6 |  6.0
Evocations     | 1 5 8 9 11 | 11.9

Action                   |  1- 3 |  4- 6 |  7- 9 | 10-12 | 13-15 | 16-18 | 19-21 || total
-------------------------+-------+-------+-------+-------+-------+-------+-------++-------
Melee: War axe           |    84 |   115 |   232 |       |       |       |       ||   431
       Headbutt          |     9 |    13 |    53 |   135 |   320 |   553 |   291 ||  1374
       Trident           |       |       |    14 |   590 |  1278 |  1607 |   902 ||  4391
       Unarmed           |       |       |       |    14 |       |       |       ||    14
       Dagger            |       |       |       |       |     2 |       |       ||     2
       Spear             |       |       |       |       |       |       |    24 ||    24
Throw: Dart              |       |       |       |       |    12 |     4 |       ||    16
Invok: Lesser Servant of |       |       |       |       |     1 |       |       ||     1
       Greater Servant o |       |       |       |       |       |     5 |     2 ||     7
       Major Destruction |       |       |       |       |       |    39 |    55 ||    94
Evoke: Wand              |       |       |       |       |       |       |     1 ||     1
  Use: Potion            |       |     4 |     6 |     1 |    13 |    10 |     6 ||    40
       Scroll            |       |     6 |     3 |    10 |    13 |     9 |     9 ||    50
 Stab: Distracted        |       |       |       |       |     1 |       |     2 ||     3
       Invisible         |       |       |       |       |       |     4 |       ||     4
Armor: Scale mail        |    44 |    44 |    76 |    41 |       |       |       ||   205
       Skin              |       |       |    31 |     3 |       |       |       ||    34
       Plate armour      |       |       |       |   107 |   643 |   594 |   302 ||  1646
Dodge: Dodged            |    32 |    46 |    50 |   104 |   209 |   229 |   131 ||   801
Block: Kite shield       |    53 |    73 |   136 |   280 |   695 |   892 |   433 ||  2562

Table legend: (Time is in decaauts)
 A = Elapsed time spent in this place.
 B = Non-inter-level travel time spent in this place.
 C = Inter-level travel time spent in this place.
 D = Time resting spent in this place.
 E = Time spent auto-exploring this place.
 F = Levels seen in this place.
 G = Mean time per level.
                   A        B        C        D        E       F      G
               +--------+--------+--------+--------+--------+-----+--------+
         Total |  38944 |  34309 |   4635 |   4942 |  20988 |  41 |  949.9 |
       Dungeon |  15239 |  13322 |   1917 |   1664 |   9302 |  15 | 1015.9 |
        Temple |     54 |     30 |     24 |      0 |     28 |   1 |   54.0 |
          Lair |   6818 |   5639 |   1179 |    337 |   4439 |   6 | 1136.3 |
        Shoals |   3339 |   3063 |    276 |    487 |   1265 |   4 |  834.8 |
   Spider Nest |   4214 |   3762 |    452 |    941 |   1602 |   4 | 1053.5 |
    Slime Pits |   1342 |   1342 |      0 |    557 |     77 |   5 |  268.4 |
  Orcish Mines |   1342 |   1200 |    142 |      9 |    882 |   2 |  671.0 |
        Vaults |   6595 |   5952 |    643 |    946 |   3392 |   4 | 1648.8 |
               +--------+--------+--------+--------+--------+-----+--------+

Top non-repeatable levels by time:
     D:6: 2178 daAuts
Vaults:2: 1852 daAuts
Vaults:3: 1816 daAuts
  Lair:2: 1779 daAuts
Vaults:4: 1599 daAuts
    D:13: 1464 daAuts
  Lair:6: 1417 daAuts
Spider:2: 1372 daAuts
Vaults:1: 1326 daAuts
     D:5: 1228 daAuts
    D:10: 1223 daAuts
Shoals:3: 1182 daAuts
     D:2: 1157 daAuts
Spider:4: 1129 daAuts
    D:11: 1113 daAuts
